 Dungeon Crawl Stone Soup version 0.27-a0-380-g150de4c316 (webtiles) character file.

Game seed: 11168719854278293567

18571 sahdkjhfkaj the Transmogrifier (level 12, -6/138 HPs)
             Began as an Ogre Transmuter on Feb 17, 2021.
             Was a High Priest of Cheibriados.
             Mangled by a yak (16 damage)
             ... on level 3 of the Lair of Beasts.
             The game lasted 00:24:37 (19549 turns).

sahdkjhfkaj the Transmogrifier (Ogre Transmuter)   Turns: 19549, Time: 00:24:38

Health: -6/138     AC:  8    Str: 32    XL:     12   Next: 59%
Magic:  11/19      EV: 14    Int: 30    God:    Cheibriados [*****.]
Gold:   471        SH:  0    Dex: 24    Spells: 6/21 levels left

rFire    x . .     SeeInvis .     - Unarmed
rCold    + + +     Faith    .   (shield currently unavailable)
rNeg     . . .     Spirit   .   (armour currently unavailable)
rPois    +         Reflect  .   (helmet currently unavailable)
rElec    .         Harm     .   (cloak currently unavailable)
rCorr    .         Rampage  .   (gloves unavailable)
Will     +....                  (boots unavailable)
Stlth    ++........             o - amulet of the acrobat
HPRegen  0.33/turn              c - ring of protection from cold
MPRegen  0.16/turn              (no ring)

@: lethally poisoned (-6 -> -6), ice-form, very slow
A: large, unfitting armour, deterioration 1
a: End Transformation, Renounce Religion, Bend Time, Temporal Distortion,
Slouch, Step From Time


You were on level 3 of the Lair of Beasts.
You worshipped Cheibriados.
Cheibriados was extremely pleased with you.
You were a creature of crystalline ice.
You visited 2 branches of the dungeon, and saw 13 of its levels.

You collected 561 gold pieces.
You spent 90 gold pieces at shops.

Inventory:

Armour
 a - a +0 robe (melded)
 h - a +2 cloak (melded)
Jewellery
 c - a ring of protection from cold (left front paw)
 f - a ring of fire
 o - an amulet of the acrobat (around neck)
 x - an amulet of guardian spirit
Wands
 r - a wand of polymorph (5)
 s - a wand of iceblast (17) {@v4}
 A - a wand of paralysis (6)
Scrolls
 b - 3 scrolls of magic mapping
 d - 7 scrolls of teleportation {@r3}
 e - a scroll of immolation
 g - 2 scrolls of amnesia
 i - 3 scrolls of enchant armour
 j - a scroll of enchant weapon
 v - 3 scrolls of identify {@r1}
Potions
 k - a potion of mutation
 m - 2 potions of magic
 n - a potion of invisibility
 p - a potion of degeneration {unknown}
 q - 2 potions of might {@q4}
 t - 3 potions of attraction
 u - a potion of lignification {unknown}
 w - 2 potions of cancellation
 y - 4 potions of curing {@q1}
 z - a potion of brilliance {unknown}


   Skills:
 + Level 6.5 Fighting
 - Level 5.0 Dodging
 + Level 5.2 Unarmed Combat
 - Level 5.0 Spellcasting
 - Level 5.0 Translocations
 - Level 12.0 Transmutations
 - Level 3.0 Ice Magic
 - Level 5.0 Poison Magic
 - Level 10.0 Invocations


You had 6 spell levels left.
You knew the following spells:

 Your Spells              Type           Power        Failure   Level
a - Beastly Appendage     Tmut           100%         1%          1
b - Blink                 Tloc           N/A          1%          2
c - Ice Form              Ice/Tmut       51%          2%          4
s - Spider Form           Tmut/Pois      27%          1%          3
z - Blade Hands           Tmut           34%          1%          5

Your spell library contained the following spells:

 Spells                   Type           Power        Failure   Level
 Wereblood                Tmut           68%          1%          2
 Ensorcelled Hibernation  Hex/Ice        32%          4%          2
 Corona                   Hex            7%           6%          1
 Magic Dart               Conj           28%          6%          1
 Call Imp                 Summ           7%           9%          2
 Slow                     Hex            7%           9%          2
 Mephitic Cloud           Conj/Pois/Air  17%          9%          3
 Confusing Touch          Hex            7%           17%         3
 Conjure Flame            Conj/Fire      7%           17%         3
 Dazzling Flash           Conj/Hex       14%          17%         3
 Tukima's Dance           Hex            7%           17%         3


Dungeon Overview and Level Annotations

Branches:
Dungeon (10/15)            Temple (0/1) D:6            Lair (3/6) D:8
  Snake (0/4) Lair:2
  Swamp: Lair:2-4    Shoals: Lair:2-4       Orc: D:9-12

Altars:
Cheibriados
Hepliaklqana
Makhleb
Trog

Shops:
D:4 ?

Portals:
Trove: D:10 (give +3 fire dragon scales)

Annotations:
D:8 exclusion: kobold demonologist
D:9 3 runed translucent doors, exclusions: bullfrog and cyclops, Pooter's ghost, novice GnWn
Lair:2 exclusion: oklob plant


Innate Abilities, Weirdness & Mutations

You are too large for most types of armour.
((You have tough skin. (AC +1)))
((You have a pair of small horns on your head.))
Your body sometimes deteriorates upon taking damage.


Message History

The yak is heavily wounded.
The yak gores you.
* * * LOW HITPOINT WARNING * * *
The yak barely misses you.
You punch the yak! You freeze the yak.
The yak is moderately wounded.
You feel sick. The yak gores you!
* * * LOW HITPOINT WARNING * * *
The yak misses you.
You hit the yak but do no damage.
The yak is moderately wounded.
The yak gores you!
* * * LOW HITPOINT WARNING * * *
The yak gores you!
* * * LOW HITPOINT WARNING * * *
You feel much better. The yak gores you.
* * * LOW HITPOINT WARNING * * *
The yak gores you!
* * * LOW HITPOINT WARNING * * *
You hit the yak. You freeze the yak.
The yak is heavily wounded.
You feel sick. The yak barely misses you. The yak misses you.
Unknown command.
You punch the yak! You freeze the yak.
The yak is severely wounded.
The yak gores you!
* * * LOW HITPOINT WARNING * * *
The yak completely misses you.
You feel much better. The yak gores you!
* * * LOW HITPOINT WARNING * * *
The yak gores you.
* * * LOW HITPOINT WARNING * * *
Okay, then.
Okay, then.
You can feel time thicken for a moment.
You kill the yak!
Cheibriados thoroughly appreciates the change of pace.
Cheibriados lowers the support of your attributes as your movement quickens.
You feel sick. The yak gores you!
You die...

...... ... ...... #.....
... .....#.##. .#..... #.#
##.....# # .........
#≈###≈≈#..P# ##
........#####≈≈≈≈≈≈≈≈≈####≈
...8..8.≈#≈≈≈≈≈≈≈≈≈≈≈≈≈≈≈#≈
...8..8≈≈†≈≈≈≈≈≈≈≈≈≈≈≈≈≈≈≈≈
...≈..≈≈≈≈Y≈≈≈≈≈≈≈≈≈≈≈≈≈≈≈≈
≈≈≈≈..≈≈≈≈≈YY≈≈≈....≈≈≈≈≈≈≈
≈≈≈≈..≈≈YY≈≈≈#≈#.....#≈≈≈≈≈
≈≈≈≈..†≈≈≈#############≈≈≈≈
≈≈≈≈..≈##≈## #≈##P ≈≈≈8..8
##≈# ##### #≈≈8..8 ###
.##[... ......


You could see 4 yaks.

Vanquished Creatures
  A hydra (Lair:1)
  Erica (Lair:2)
  2 two-headed ogres
  A centaur warrior (D:9)
  A deep elf pyromancer (D:8)
  Maurice (D:8)
  2 black mambas
  A gargoyle (D:10)
  A cane toad (Lair:2)
  2 rime drakes (Lair:3)
  A centaur skeleton (D:10)
  A troll (D:9)
  A polar bear (Lair:2)
  6 blink frogs (Lair:2)
  3 slime creatures (D:10)
  Sigmund (D:3)
  A spriggan (shapeshifter) (D:10)
  A wraith (D:8)
  A wyvern (Lair:2)
  2 basilisks
  25 yaks
  3 nagas
  A soldier ant (D:8)
  2 water moccasins
  5 orc warriors
  3 sky beasts
  4 black bears
  An ice beast (D:9)
  3 ogres
  A centaur (D:10)
  15 wolves
  3 phantoms
  14 bullfrogs
  3 scorpions
  A water moccasin zombie (D:8)
  A howler monkey (D:5)
  3 hounds
  3 jellies
  A bullfrog zombie (D:6)
  7 orc priests
  2 bullfrog skeletons
  3 iguanas (D:6)
  11 orc wizards
  6 worker ants
  A hound zombie (D:8)
  2 worker ant zombies
  Robin (D:3)
  8 gnolls
  8 adders
  3 shadow imps
  3 white imps
  2 ufetubi
  9 oozes
  2 adder skeletons
  2 worms
  2 dart slugs
  9 leopard geckos
  47 orcs
  2 ball pythons (D:3)
  2 bats
  6 giant cockroaches
  13 goblins
  6 hobgoblins
  17 jackals
  12 kobolds
  2 quokkas
  6 frilled lizards
  A jackal zombie (D:5)
  9 rats
327 creatures vanquished.

Vanquished Creatures (others)
  26 fungi
  24 plants
  8 toadstools (D:2)
58 creatures vanquished.

Grand Total: 385 creatures vanquished

Notes
Turn   | Place    | Note
-------+----------+-------------------------------------------
     0 | D:1      | sahdkjhfkaj the Ogre Transmuter began the quest for the
                  | Orb.
     0 | D:1      | Reached XP level 1. HP: 19/19 MP: 3/3
   180 | D:1      | Reached XP level 2. HP: 24/28 MP: 5/5
  1014 | D:1      | Reached XP level 3. HP: 35/36 MP: 6/6
  1018 | D:1      | Learned a level 3 spell: Spider Form
  1697 | D:2      | Reached skill level 2 in Transmutations
  1964 | D:2      | Reached skill level 1 in Poison Magic
  1964 | D:2      | Reached XP level 4. HP: 32/44 MP: 4/8
  2478 | D:1      | Reached XP level 5. HP: 27/52 MP: 6/9
  2629 | D:1      | Learned a level 5 spell: Blade Hands
  2930 | D:3      | Reached skill level 3 in Transmutations
  3173 | D:3      | Noticed Sigmund
  3187 | D:3      | Killed Sigmund
  3188 | D:3      | Reached XP level 6. HP: 23/59 MP: 7/10
  3846 | D:3      | Found a burning altar of Makhleb.
  3852 | D:3      | Reached skill level 4 in Transmutations
  4158 | D:3      | Noticed Robin
  4190 | D:3      | Killed Robin
  4866 | D:3      | Reached XP level 7. HP: 44/66 MP: 7/11
  5440 | D:3      | Gained mutation: Your body sometimes deteriorates upon
                  | taking damage. [potion of mutation]
  5440 | D:3      | Gained mutation: You have a pair of small horns on your
                  | head. [potion of mutation]
  6181 | D:4      | Reached skill level 5 in Transmutations
  6311 | D:4      | Found a snail-covered altar of Cheibriados.
  6346 | D:4      | Became a worshipper of Cheibriados the Contemplative
  6481 | D:4      | Learned a level 2 spell: Blink
  6506 | D:4      | Found Pomnostry's Magic Scroll Shoppe.
  6509 | D:4      | Bought a scroll of blinking for 90 gold pieces
  6701 | D:5      | Entered Level 5 of the Dungeon
  6748 | D:5      | Reached skill level 5 in Poison Magic
  7510 | D:5      | Reached * piety under Cheibriados
  7511 | D:5      | Reached XP level 8. HP: 73/74 MP: 9/12
  7950 | D:6      | Found a staircase to the Ecumenical Temple.
  8586 | D:6      | Reached skill level 1 in Translocations
  9140 | D:7      | Reached ** piety under Cheibriados
  9244 | D:7      | Reached XP level 9. HP: 40/85 MP: 10/13
 10049 | D:7      | Reached skill level 5 in Translocations
 10388 | D:7      | Reached skill level 5 in Fighting
 10740 | D:8      | Reached *** piety under Cheibriados
 10741 | D:8      | Reached skill level 5 in Unarmed Combat
 10903 | D:8      | Noticed Maurice
 10947 | D:8      | Noticed a kobold demonologist
 10988 | D:8      | Noticed a deep elf pyromancer
 10992 | D:8      | Reached skill level 5 in Dodging
 11004 | D:8      | Killed a deep elf pyromancer
 11028 | D:8      | Noticed a two-headed ogre
 11187 | D:8      | Reached XP level 10. HP: 86/98 MP: 10/16
 11575 | D:8      | Learned a level 4 spell: Ice Form
 11717 | D:8      | Killed a two-headed ogre
 11718 | D:8      | Reached skill level 5 in Spellcasting
 11718 | D:8      | Reached skill level 6 in Transmutations
 11896 | D:8      | Killed Maurice
 11897 | D:8      | Reached skill level 7 in Transmutations
 11919 | D:8      | Reached **** piety under Cheibriados
 12420 | D:8      | Found a staircase to the Lair.
 12928 | D:9      | Noticed a cyclops
 12942 | D:9      | Reached skill level 8 in Transmutations
 12942 | D:9      | Reached skill level 1 in Invocations
 13124 | D:9      | Found a runed translucent gate.
 13133 | D:9      | Noticed a two-headed ogre
 13148 | D:9      | Killed a two-headed ogre
 13418 | D:9      | Found a runed translucent gate.
 13419 | D:9      | Found a runed translucent gate.
 13424 | D:9      | Noticed a spectral centaur warrior
 13453 | D:9      | Noticed Pooter's ghost (novice GnWn)
 13486 | D:9      | Noticed a centaur warrior
 13492 | D:9      | Killed a centaur warrior
 13493 | D:9      | Reached XP level 11. HP: 79/105 MP: 14/18
 13749 | D:9      | Reached skill level 9 in Transmutations
 13749 | D:9      | Reached skill level 5 in Invocations
 14012 | D:9      | Found a bloodstained altar of Trog.
 14120 | D:9      | Reached ***** piety under Cheibriados
 14796 | D:10     | Entered Level 10 of the Dungeon
 15169 | D:10     | Found a portal to a secret trove of treasure.
 15912 | Lair:1   | Entered Level 1 of the Lair of Beasts
 15974 | Lair:1   | Noticed a seven-headed hydra
 15980 | Lair:1   | Killed a seven-headed hydra
 16648 | Lair:1   | Found a hazy altar of Hepliaklqana.
 17410 | Lair:2   | Found a staircase to the Snake Pit.
 17493 | Lair:2   | Reached skill level 10 in Transmutations
 17797 | Lair:2   | Reached XP level 12. HP: 104/114 MP: 14/19
 17982 | Lair:2   | Reached skill level 10 in Invocations
 18272 | Lair:2   | Noticed Erica
 18291 | Lair:2   | Killed Erica
 18292 | Lair:2   | Reached skill level 11 in Transmutations
 18296 | Lair:2   | Reached ****** piety under Cheibriados
 19527 | Lair:3   | Reached skill level 12 in Transmutations
 19547 | Lair:3   | HP: 2/138 [yak (14)]
 19549 | Lair:3   | Mangled by a yak

Illustrated notes

Levels and vault maps discovered:
D:1:      dpeg_arrival_shelter, layout_loops_corners
D:2:      cheibrodos_fertilizer, layout_rooms
D:3:      layout_basic, makhleb_blood_cavern_becter, uniq_robin, uniq_sigmund
D:4:      layout_cave_pools, cheibriados_altar_1, serial_rivers,
          chequers_serial_rivers_large_a, chequers_serial_rivers_room_a,
          chequers_serial_rivers_micro_d, chequers_serial_rivers_small_a,
          serial_shops, nicolae_shop_behind_doors, moated_statue, corexii_shack
D:5:      layout_basic, serial_curves, eino_curves_03, eino_curves_03
D:6:      layout_layer_cave, minmay_temple_entry_trees
D:7:      layout_basic, ebering_dispersal_statue_hall
D:8:      layout_loops_ring, grunt_lair_entry_orc_guard_hut, kb_rosetta,
          uniq_maurice
D:9:      layout_irregular_city, gammafunk_ghost_necromancy, basic_altar
D:10:     layout_loops_ring, nicolae_trove_entry_isolated
Lair:1:   layout_loops_ring, lemuel_altar_in_water2
Lair:2:   layout_hall_layers, guppyfry_snake_entry_garden,
          minmay_lair_oklob_bushes, uniq_erica
Lair:3:   wander_river, layout_small_grid, st_stairs_13,
          infiniplex_staircase_pool_2

Skill      XL: |  1  2  3  4  5  6  7  8  9 10 11 12 |
---------------+-------------------------------------+-----
Fighting       | 2 4 6 |  6.5
Unarmed Combat | 3 4 5 |  5.2
Transmutations | 2 3 4 5 8 10 12 | 12.0
Poison Magic   | 1 2 3 5 |  5.0
Spellcasting   | 3 4 5 |  5.0
Dodging        | 2 4 5 |  5.0
Translocations | 3 5 |  5.0
Ice Magic      | 2 3 |  3.0
Invocations    | 4 9 10 | 10.0

Action                   |  1- 3 |  4- 6 |  7- 9 | 10-12 || total
-------------------------+-------+-------+-------+-------++-------
Melee: Unarmed           |   133 |   120 |   439 |   419 ||  1111
       Headbutt          |       |       |     6 |    74 ||    80
       Punch             |       |       |     1 |    10 ||    11
Throw: Throwing net      |       |       |       |     1 ||     1
 Cast: Spider Form       |     4 |    20 |    47 |    15 ||    86
       Blink             |       |       |     1 |       ||     1
       Blade Hands       |       |       |     2 |    39 ||    41
       Ice Form          |       |       |       |     3 ||     3
Invok: Slouch            |       |       |       |     1 ||     1
 Abil: End Transformatio |       |       |     4 |     6 ||    10
  Use: Scroll            |       |       |    14 |     5 ||    19
       Potion            |       |       |     5 |     4 ||     9
 Stab: Sleeping          |       |       |       |     2 ||     2
Armor: Robe              |    25 |     3 |    20 |    41 ||    89
       Skin              |     2 |     7 |    18 |    10 ||    37
Dodge: Dodged            |    65 |   102 |   438 |   416 ||  1021
Block: Kite shield       |     4 |       |       |       ||     4

Table legend: (Time is in decaauts)
 A = Elapsed time spent in this place.
 B = Non-inter-level travel time spent in this place.
 C = Inter-level travel time spent in this place.
 D = Time resting spent in this place.
 E = Time spent auto-exploring this place.
 F = Levels seen in this place.
 G = Mean time per level.
                   A        B        C        D        E       F      G
               +--------+--------+--------+--------+--------+-----+--------+
         Total |  23499 |  22732 |    767 |    220 |  19611 |  13 | 1807.6 |
       Dungeon |  18531 |  17914 |    617 |    149 |  15372 |  10 | 1853.1 |
          Lair |   4968 |   4819 |    149 |     71 |   4238 |   3 | 1656.0 |
               +--------+--------+--------+--------+--------+-----+--------+

Top non-repeatable levels by time:
     D:3: 2882 daAuts
     D:9: 2720 daAuts
     D:8: 2576 daAuts
  Lair:2: 2182 daAuts
     D:7: 2047 daAuts
  Lair:1: 2006 daAuts
     D:1: 1909 daAuts
    D:10: 1578 daAuts
     D:5: 1504 daAuts
     D:6: 1318 daAuts
     D:4: 1173 daAuts
     D:2: 821 daAuts
  Lair:3: 780 daAuts
